 Dungeon Crawl Stone Soup version 0.28.0-53-g5a82cb258f (webtiles) character file.

Game seed: 14432500211829583823

644 safid the Cleaver (level 7, -1/59 HPs)
             Began as a Hill Orc Fighter on Aug 20, 2022.
             Slain by an orc warrior
             ... wielding a +0 glaive
              (5 damage)
             ... on level 6 of the Dungeon.
             The game lasted 00:03:57 (2949 turns).

safid the Cleaver (Hill Orc Fighter)                Turns: 2949, Time: 00:03:58

Health: -1/59      AC: 12    Str: 21    XL:     7   Next: 52%
Magic:  7/7        EV:  7    Int:  8    God:
Gold:   112        SH:  0    Dex: 10    Spells: 6/6 levels left

rFire   . . .      SeeInvis .   a - +0 war axe
rCold   . . .      Faith    .   c - +0 buckler
rNeg    . . .      Spirit   .   p - +0 chain mail
rPois   .          Reflect  .   (no helmet)
rElec   .          Harm     .   (no cloak)
rCorr   .          Rampage  .   (no gloves)
Will    .....                   l - +2 pair of boots
Stlth   ..........              (no amulet)
HPRegen 0.19/turn               (no ring)
MPRegen 0.10/turn               (no ring)

@: confused, mighty
A: no striking features
a: no special abilities


You were on level 6 of the Dungeon.
You visited 1 branch of the dungeon, and saw 6 of its levels.

You collected 138 gold pieces.
You spent 26 gold pieces at shops.

Inventory:

Hand Weapons
 a - a +0 war axe (weapon)
Missiles
 b - 12 poisoned darts (quivered)
 t - 4 javelins
Armour
 c - a +0 buckler (worn)
 l - a +2 pair of boots (worn)
 p - a +0 chain mail (worn)
Scrolls
 f - 2 scrolls of silence {unknown}
 h - 7 scrolls of identify
 i - a scroll of magic mapping {unknown}
 k - a scroll of fear {unknown}
 m - 2 scrolls of fog {unknown}
 o - a scroll of immolation {unknown}
 r - a scroll of vulnerability {unknown}
 s - a scroll of enchant weapon {unknown}
 u - a scroll of holy word {unknown}
 w - a scroll of noise {unknown}
 x - a scroll of torment {unknown}
 y - a scroll of teleportation {unknown}
Potions
 e - 2 potions of attraction {unknown}
 g - a potion of magic {unknown}
 j - a potion of ambrosia {unknown}
 n - a potion of berserk rage {unknown}
 q - a potion of heal wounds {unknown}
 v - a potion of mutation {unknown}
 z - a potion of resistance {unknown}


   Skills:
 - Level 4.0 Fighting
 + Level 9.8 Axes
 - Level 4.0 Armour
 - Level 4.0 Shields


You had 6 spell levels left.
You didn't know any spells.
Your spell library contained the following spells:

 Spells                   Type           Power      Damage    Failure   Level
 Foxfire                  Conj/Fire      0%         2x1d4     99%         1
 Summon Small Mammal      Summ           0%         N/A       99%         1
 Call Canine Familiar     Summ           0%         N/A       100%        3
 Conjure Flame            Conj/Fire      0%         6-21      100%        3
 Inner Flame              Hex/Fire       0%         N/A       100%        3
 Summon Guardian Golem    Hex/Summ       0%         N/A       100%        3
 Flame Wave               Conj/Fire      0%         2d4       100%        4


Dungeon Overview and Level Annotations

Branches:
Dungeon (7/15)
 Temple: D:4-7

Altars:
Wu Jian

Shops:
D:1 !   D:2 :*?


Message History

The bullfrog is moderately wounded.
You feel sick.
You are no longer poisoned.
The bullfrog hits you. x2
Unknown command.
You slash the bullfrog!
The bullfrog is severely wounded.
The bullfrog hits you but does no damage.
Unknown command.
You slice the bullfrog!!
You kill the bullfrog!
Unknown command.
You feel very mighty all of a sudden.
An orc wizard comes into view. It is wielding a +0 dagger.
An orc comes into view. It is wielding a +4 dagger.
An orc comes into view. It is wielding a +0 short sword.
The orc shouts!
The orc wizard shouts!
You hear a shout!
The orc warrior hits you with a +0 glaive.
* * * LOW HITPOINT WARNING * * *
Unknown command.
You hit the orc warrior.
The orc warrior is lightly wounded.
The orc warrior closely misses you.
You slash the orc warrior!
The orc warrior is moderately wounded.
The orc warrior closely misses you.
You closely miss the orc warrior.
The orc warrior is moderately wounded.
The orc warrior hits you with a +0 glaive.
* * * LOW HITPOINT WARNING * * *
The orc wizard casts a spell at you.
You are confused.
Unknown command.
You slice the orc warrior!!
The orc warrior is almost dead.
The orc warrior hits you with a +0 glaive!
* * * LOW HITPOINT WARNING * * *
Unknown command.
The orc warrior hits you from afar with a +0 glaive.
You die...

................
................
................
................
........o>....".
.......oo.......
.......o........
..........[#....
......†.@..# ...
#...!..†..## .
##........#
##(<....##
##.....# ##...##
#####


You could see an orc warrior, an orc wizard and 2 orcs.

Vanquished Creatures
  A water moccasin (D:6)
  An ogre (D:4)
  A centaur (D:7)
  A bullfrog (D:6)
  A gnoll sergeant (D:3)
  A centaur skeleton (D:7)
  Terence (D:2)
  Natasha (thrice) (D:3)
  A killer bee zombie (D:7)
  3 adders
  An ufetubus (D:3)
  2 worms (D:2)
  2 dart slugs
  3 bats
  4 endoplasms (D:1)
  3 giant cockroaches
  10 goblins
  5 hobgoblins
  2 jackals (D:2)
  2 quokkas
  7 ball pythons
  4 frilled lizards
  5 kobolds
  3 rats
67 creatures vanquished.

Notes
Turn   | Place    | Note
-------+----------+-------------------------------------------
     0 | D:1      | safid the Hill Orc Fighter began the quest for the Orb.
     0 | D:1      | Reached XP level 1. HP: 19/19 MP: 1/1
    92 | D:1      | Found Xaonus's Distillery.
   127 | D:1      | Reached XP level 2. HP: 27/27 MP: 2/2
   129 | D:1      | Reached skill level 3 in Axes
   511 | D:1      | Reached XP level 3. HP: 33/33 MP: 3/3
   627 | D:1      | Found a faded altar of an unknown god.
   891 | D:2      | Found Qaih's Magic Scroll Boutique.
   896 | D:2      | Bought a scroll of identify for 26 gold pieces
  1074 | D:2      | Found an ornate altar of the Wu Jian Council.
  1103 | D:2      | Found Ytsam's Book Shop.
  1332 | D:2      | Reached XP level 4. HP: 40/40 MP: 4/4
  1361 | D:2      | Found Rawug's Assorted Antiques.
  1474 | D:2      | Identified the +2 robe of Limited Liability {*Slow Will+
                  | Str+3}
  1558 | D:3      | Noticed Natasha
  1560 | D:3      | Noticed Terence
  1584 | D:2      | Reached skill level 4 in Axes
  1758 | D:2      | Killed Terence
  1888 | D:3      | Killed Natasha
  1889 | D:3      | Reached skill level 5 in Axes
  1889 | D:3      | Reached XP level 5. HP: 46/46 MP: 5/5
  2190 | D:3      | Noticed Natasha
  2197 | D:3      | Killed Natasha
  2207 | D:3      | Noticed Natasha
  2215 | D:3      | Killed Natasha
  2216 | D:3      | Reached skill level 6 in Axes
  2442 | D:3      | Reached skill level 7 in Axes
  2442 | D:3      | Reached XP level 6. HP: 50/52 MP: 6/6
  2758 | D:4      | You fall into a shaft and drop 3 floors!
  2774 | D:7      | Reached skill level 8 in Axes
  2775 | D:7      | Reached XP level 7. HP: 39/59 MP: 7/7
  2940 | D:6      | Reached skill level 9 in Axes
  2949 | D:6      | Slain by an orc warrior

Illustrated notes

Levels and vault maps discovered:
D:1:      tarquinn_simple_flora_water_f, layout_rooms,
          shapermc_ecumenical_altar_mp_vishouse, serial_shops, shop
D:2:      minmay_angry_zag, layout_loops_ring, basic_altar, serial_shops,
          shop_fountains, shop, nicolae_shop_hallway_plus
D:3:      layout_loops_cross, st_stairs_1, hangedman_decor_slide_cut,
          minmay_increasing_density, uniq_terence, uniq_natasha
D:4:      layout_loops_corners, nicolae_ru_great_annihilating_truth,
          mainiacjoe_overflow_surrounded_room, serial_shops, shop
D:6:      layout_cave_pods, minmay_temple_entry_statues_pillars, uniq_duvessa
D:7:      layout_loops_ring

Skill      XL: |  1  2  3  4  5  6  7 |
---------------+----------------------+-----
Axes           | 3 5 7 8 9 |  9.8
Fighting       | 4 |  4.0
Armour         | 4 |  4.0
Shields        | 4 |  4.0

Action                   |  1- 3 |  4- 6 |  7- 9 || total
-------------------------+-------+-------+-------++-------
Melee: War axe           |    93 |   113 |    17 ||   223
  Use: Potion            |       |       |     1 ||     1
Armor: Scale mail        |    39 |       |       ||    39
       Chain mail        |       |   115 |    15 ||   130
Dodge: Dodged            |    35 |    53 |     7 ||    95
Block: Buckler           |    21 |    41 |     2 ||    64
